 Dungeon Crawl Stone Soup version 0.21-a0-404-g291f19a (webtiles) character file.

27 exp172 the Ruffian (level 3, -1/29 HPs)
             Began as a Ghoul Warper on Oct 31, 2017.
             Slain by Terence
             ... wielding a +0 short sword
              (2 damage)
             ... on level 2 of the Dungeon.
             The game lasted 00:07:57 (1041 turns).

exp172 the Ruffian (Ghoul Warper)                   Turns: 1041, Time: 00:07:57

Health: -1/29      AC:  3    Str: 15    XL:     3   Next: 10%
Magic:  2/4        EV: 12    Int:  8    God:
Gold:   47         SH:  0    Dex:  8    Spells: 1/5 levels left

rFire    . . .     SeeInvis .     - Unarmed
rCold    + . .     Gourm    .   (no shield)
rNeg     + + +     Faith    .   o - +0 leather armour
rPois    ∞         Spirit   .   (no helmet)
rElec    .         Reflect  .   (no cloak)
rCorr    .         Harm     .   (no gloves)
MR       .....                  (no boots)
Stlth    +.........             (no amulet)
HPRegen  0.00/turn              (no ring)
MPRegen  0.09/turn              (no ring)

@: very slightly contaminated, rotting
A: rotting body, claws 1, carnivore 3, cold resistance 1, negative energy
resistance 3, inhibited regeneration, torment resistance, unbreathing
a: no special abilities


You were on level 2 of the Dungeon.
You were not hungry.

You visited 1 branch of the dungeon, and saw 2 of its levels.

You collected 47 gold pieces.

Inventory:

Missiles
 d - 5 tomahawks of dispersal (quivered)
Armour
 o - a +0 leather armour (worn)
Wands
 n - a wand of confusion (34/48)
Scrolls
 g - 3 scrolls of remove curse {unknown}
 h - 4 scrolls of identify {unknown}
 i - a scroll of teleportation {unknown}
 l - a scroll of amnesia {unknown}
Potions
 j - a potion of brilliance {unknown}
 m - a potion of berserk rage {unknown}
Books
 b - a book of Spatial Translocations

   Spells                             Type                      Level
   a - Blink                          Translocation                2
   b - Shroud of Golubria             Charms/Translocation         2
   c - Lesser Beckoning               Translocation                3
   d - Gell's Gravitas                Translocation                3
   e - Teleport Other                 Translocation                3
   f - Passage of Golubria            Translocation                4
Comestibles
 f - a meat ration


   Skills:
 + Level 2.2 Fighting
 + Level 0.8 Throwing
 + Level 1.2 Armour
 + Level 2.1 Dodging
 * Level 3.1 Unarmed Combat
 * Level 1.9 Spellcasting
 + Level 2.7 Translocations


You had one spell level left.
You knew the following spells:

 Your Spells              Type           Power        Failure   Level  Hunger
a - Blink                 Tloc           N/A          22%         2    ###....
b - Shroud of Golubria    Chrm/Tloc      #.........   36%         2    ###....


Dungeon Overview and Level Annotations

Branches:
Dungeon (2/15)

Altars:

Annotations:
D:2 Terence


Innate Abilities, Weirdness & Mutations

Your body is rotting away.
You thrive on raw meat.
You are immune to poison.
You have sharp fingernails.
You are carnivorous and can eat meat at any time.
Your flesh is cold resistant. (rC+)
You are immune to negative energy. (rN+++)
You do not regenerate when monsters are visible.
You are immune to unholy pain and torment.
You can survive without breathing.


Message History

The jackal bites you.
* * * LOW HITPOINT WARNING * * *
You closely miss the jackal. The adder closely misses you.
The jackal closely misses you. The adder barely misses you.
All of the chunks of flesh in your inventory have rotted away.
Blink to where?
Press: ? - help, Dir - move target cursor
As you read the scroll of blinking, it crumbles to dust.
A bat, a worm and Terence come into view.
Terence shouts!
Terence misses you. Terence closely misses you.
You closely miss the bat. The bat misses you. Terence closely misses you.
The bat closely misses you.
As you read the scroll labeled GUTITE EGIXAHI, it crumbles to dust.
It is a scroll of recharging.
Charge which item? (? for menu, Esc to quit)
Your wand of confusion (?/48) glows for a moment.
The bat closely misses you. Terence hits you with a short sword.
You die...

# .# ... .... .....
####.....#
#.@b.....##..$.....
#@#.......+........
#h##...#.# ........
#.w...## .......
#h.#### ..... #..#


hh. #S.. #l# ##.## #h# #S# #.# You could see Terence, an adder, 2 jackals and a
bat.

Vanquished Creatures
  An adder (D:2)
  A leopard gecko (D:1)
  A giant cockroach (D:1)
  4 hobgoblins
  A jackal (D:1)
  A kobold (D:1)
  A ball python (D:1)
  4 bats
  2 rats (D:1)
16 creatures vanquished.

Notes
Turn   | Place    | Note
-------+----------+-------------------------------------------
     0 | D:1      | exp172 the Ghoul Warper began the quest for the Orb.
     0 | D:1      | Reached XP level 1. HP: 17/17 MP: 2/2
   385 | D:1      | Reached XP level 2. HP: 20/24 MP: 3/3
   422 | D:1      | Learned a level 2 spell: Blink
   425 | D:1      | Learned a level 2 spell: Shroud of Golubria
   629 | D:1      | Reached skill level 1 in Armour
   995 | D:2      | Reached skill level 3 in Unarmed Combat
   995 | D:2      | Reached XP level 3. HP: 24/29 MP: 4/4
  1033 | D:2      | HP: 1/29 [jackal (1)]
  1035 | D:2      | Noticed Terence
  1041 | D:2      | Slain by Terence

Vault maps used:
D:1:      dpeg_arrival_orchard
D:2:      amethyst_overflow_temple_binary, lemuel_statue_altar, uniq_terence,
          uniq_sigmund

Skill      XL: |  1  2 |
---------------+-------+-----
Dodging        | 2 |  2.1
Armour         | 1 |  1.2
Unarmed Combat | 3 |  3.1
Fighting       | |  2.2
Throwing       | |  0.8
Spellcasting   | |  1.9
Translocations | |  2.7

Action                   || total
-------------------------++-------
Melee: Unarmed           ||    80
 Cast: Blink             ||     1
  Use: Scroll            ||     3
  Eat: Chunk             ||     2
Armor: Leather armour    ||    29
Dodge: Dodged            ||    83

Table legend:
 A = Spawn XP
 B = Non-spawn XP
 C = Spawn XP percentage of total XP
 D = Spawn monster count
 E = Non-spawn monster count
 F = Spawn count percentage of total count
 G = Total turns spent on level
                    A         B        C        D         E        F      G
               +---------+---------+-------+---------+---------+-------+---------
         Total |       0 |      39 |   0.0 |       0 |      16 |   0.0 |  1041
               +---------+---------+-------+---------+---------+-------+---------
           D:1 |       0 |      22 |   0.0 |       0 |      13 |   0.0 |   908
           D:2 |       0 |      17 |   0.0 |       0 |       3 |   0.0 |   133
               +---------+---------+-------+---------+---------+-------+---------
